 Dungeon Crawl Stone Soup version 0.31-a0-237-g2d982f9f85 (webtiles) character file.

Game seed: 12144145329409578562

459 qw the Shooter (level 6, -8/52 HPs)
             Began as a Minotaur Hexslinger on July 11, 2023.
             Mangled by Blork the orc
             ... wielding a +0 long sword
              (13 damage)
             ... on level 6 of the Dungeon.
             The game lasted 00:01:19 (2629 turns).

qw the Shooter (Minotaur Hexslinger)                Turns: 2629, Time: 00:01:19

Health: -8/52      AC:  6    Str: 13    XL:     6   Next: 78%
Magic:  6/6        EV: 11    Int: 10    God:
Gold:   194        SH:  0    Dex: 14    Spells: 6/7 levels left

rFire   + . .        Y - +4 sling
rCold   . . .        (no shield)
rNeg    . . .        c - +0 ring mail
rPois   .            (helmet restricted)
rElec   .            (no cloak)
rCorr   .            k - +0 pair of gloves
SInv    .            (no boots)
Will    .....        g - amulet of the acrobat
Stlth   +            b - ring of protection from fire
HPRegen 0.28/turn    (no ring)
MPRegen 0.10/turn

%: acrobat
@: about to teleport
A: horns 2, retaliatory headbutt
a: no special abilities


You were on level 6 of the Dungeon.
You visited 1 branch of the dungeon, and saw 4 of its levels.

You collected 194 gold pieces.


Innate Abilities, Weirdness & Mutations

You have a pair of horns on your head.
You reflexively headbutt those who attack you in melee.


   Skills:
 - Level 4.0 Fighting
 + Level 7.1 Ranged Weapons
 - Level 1.0 Armour
 - Level 2.1 Dodging
 - Level 1.0 Spellcasting
 - Level 2.0 Hexes


You had 6 spell levels left.
You knew the following spells:

 Your Spells              Type           Power      Damage    Failure   Level
a - Slow                  Hex            16%        N/A       32%         1

Your spell library contained the following spells:

 Spells                   Type           Power      Damage    Failure   Level
 Inner Flame              Hex/Fire       2%         N/A       82%         3
 Portal Projectile        Hex/Tloc       4%         N/A       82%         3
 Cause Fear               Hex            2%         N/A       97%         4

Inventory:

Hand Weapons
 Y - a +4 sling (weapon)
Armour
 c - a +0 ring mail (worn)
 k - a +0 pair of gloves (worn)
Jewellery
 b - a ring of protection from fire (left hand)
 d - a ring of fire
 g - an amulet of the acrobat (around neck)
Scrolls
 j - 2 scrolls of identify
Potions
 e - 2 potions of curing
 f - a potion of heal wounds
 i - a potion of enlightenment {unknown}

Dungeon Overview and Level Annotations

Branches:
Dungeon (3/15)

Altars:
Makhleb

Annotations:
D:2 1 runed translucent door, Crazy Yiuf
D:3 exclusions: dart slug and iron imp
D:6 Blork the orc


Message History

You shoot a sling bullet.
The sling bullet completely misses the howler monkey.
The gnoll bouda closely misses you. The gnoll closely misses you.
You furiously retaliate!
You headbutt the gnoll.
The howler monkey hits you but does no damage.
The gnoll bouda calls upon its god to heal the gnoll.
The gnoll's wounds heal themselves!
You shoot a sling bullet.
The sling bullet closely misses the howler monkey.
Your surroundings suddenly seem different.
Found a robe.
You start resting.
A gnoll bouda is nearby!
You shoot a sling bullet.
The sling bullet hits the gnoll bouda but does no damage.
You shoot a sling bullet. The sling bullet hits Blork the orc!
Blork the orc is moderately wounded.
You shoot a sling bullet.
The sling bullet closely misses Blork the orc.
Blork the orc casts a spell at you. The puff of flame hits you. You resist.
You shoot a sling bullet.
The sling bullet closely misses the gnoll.
You shoot a sling bullet. The sling bullet hits Blork the orc!
Blork the orc is heavily wounded.
The gnoll is no longer moving quickly.
Blork the orc hits you with a +0 long sword.
You shoot a sling bullet.
The sling bullet barely misses Blork the orc.
Blork the orc screams, "I'm going to kill you!"
Blork the orc hits you with a +0 long sword!
The gnoll bouda barks out a call to the hunt!
The gnoll picks up the pace!
2629 ||| READING scroll of teleportation.
As you read the scroll of teleportation, it crumbles to dust.
You feel strangely unstable.
Blork the orc hits you but does no damage.
The gnoll hits you but does no damage.
Blork the orc hits you with a +0 long sword!
You die...

# .#
##########.##
............#
........[...#
............#
.......@....#
......go....#
.....g......#
............#
............#
......h.....#
............#
.)..........#
#########h......


You could see Blork the orc (fast), a gnoll bouda, a howler monkey and a gnoll
(swift).

Vanquished Creatures
  Grinder (D:3)
  2 iron imps (D:3)
  8 adders
  5 gnolls
  A worm (D:2)
  9 dart slugs
  6 bats
  6 endoplasms
  3 giant cockroaches
  5 goblins
  6 hobgoblins
  A jackal (D:1)
  8 kobolds
  2 quokkas
  10 ball pythons
  4 frilled lizards
  8 rats
85 creatures vanquished.

Notes
Turn   | Place    | Note
-------+----------+-------------------------------------------
     0 | D:1      | qw the Minotaur Hexslinger began the quest for the Orb.
     0 | D:1      | Reached XP level 1. HP: 16/16 MP: 1/1
     0 | D:1      | 0 ||| qw: Version: 0.3-a-52-g30416fa
     0 | D:1      | 0 ||| qw: Game counter: 5539
     0 | D:1      | 0 ||| qw: Melee chars always use a shield: true
     0 | D:1      | 0 ||| qw: God list: Okawaru
     0 | D:1      | 0 ||| qw: Allow faded altars: false
     0 | D:1      | 0 ||| qw: Do Orc after clearing Dungeon:15 true
     0 | D:1      | 0 ||| qw: Do second Lair branch before Depths: true
     0 | D:1      | 0 ||| qw: Lair rune preference: random
     0 | D:1      | 0 ||| qw: Goals: Normal
     0 | D:1      | 0 ||| PLANNING D:1-11
    54 | D:1      | Found a faded altar of an unknown god.
   135 | D:1      | Reached skill level 3 in Ranged Weapons
   135 | D:1      | Reached XP level 2. HP: 23/23 MP: 2/2
   539 | D:1      | Reached XP level 3. HP: 29/29 MP: 3/3
   816 | D:1      | 816 ||| UPGRADING to amulet of the acrobat.
   821 | D:1      | 821 ||| READING scroll labelled KECSAH PITAYXT.
   822 | D:1      | 822 ||| READING scroll labelled RILASI QEGHEMYL.
   823 | D:1      | 823 ||| READING scroll labelled XEOTIA OCONU.
   827 | D:1      | 827 ||| DROPPING scroll of poison.
   837 | D:2      | 837 ||| STAIRDANCE
   841 | D:1      | HP: 6/29 [adder (3)]
   981 | D:2      | Reached skill level 4 in Ranged Weapons
   984 | D:2      | 984 ||| FLEEEEING.
   985 | D:2      | 985 ||| FLEEEEING.
   986 | D:2      | 986 ||| FLEEEEING.
   987 | D:2      | 987 ||| FLEEEEING.
   988 | D:2      | 988 ||| FLEEEEING.
   989 | D:2      | 989 ||| FLEEEEING.
   994 | D:2      | 994 ||| STAIRDANCE
  1028 | D:1      | 1028 ||| DROPPING ring of magical power.
  1029 | D:1      | 1029 ||| READING scroll labelled ENNYOS WUSCH.
  1087 | D:2      | Reached XP level 4. HP: 36/36 MP: 4/4
  1125 | D:2      | 1125 ||| READING 2 scrolls of enchant weapon.
  1125 | D:2      | 1125 ||| ENCHANTING +2 sling.
  1126 | D:2      | 1126 ||| READING scroll of enchant weapon.
  1126 | D:2      | 1126 ||| ENCHANTING +3 sling.
  1555 | D:2      | Found a runed translucent door.
  1556 | D:2      | Noticed Crazy Yiuf
  1904 | D:2      | 1904 ||| UPGRADING to +0 leather armour.
  1914 | D:2      | 1914 ||| DROPPING +0 robe.
  1915 | D:2      | 1915 ||| UPGRADING to +0 pair of gloves.
  1920 | D:2      | 1920 ||| UPGRADING to ring of protection from fire.
  1921 | D:2      | 1921 ||| DROPPING ring of wizardry.
  1922 | D:2      | 1922 ||| DRINKING 2 fizzy inky potions.
  1923 | D:2      | 1923 ||| DRINKING 2 bubbling red potions.
  1947 | D:3      | 1947 ||| Stepping ~*~*~tactically~*~*~ (outnumbered).
  1951 | D:3      | Reached skill level 5 in Ranged Weapons
  2010 | D:3      | Reached skill level 3 in Fighting
  2080 | D:3      | Noticed Grinder
  2089 | D:3      | Reached XP level 5. HP: 45/45 MP: 5/5
  2096 | D:3      | Killed Grinder
  2097 | D:3      | Reached skill level 6 in Ranged Weapons
  2097 | D:3      | Reached XP level 6. HP: 28/51 MP: 6/6
  2368 | D:3      | Reached skill level 1 in Armour
  2376 | D:3      | Found a burning altar of Makhleb.
  2409 | D:3      | 2409 ||| UPGRADING to +0 ring mail.
  2420 | D:3      | 2420 ||| DROPPING +0 leather armour.
  2587 | D:3      | Reached skill level 7 in Ranged Weapons
  2599 | D:3      | You fall into a shaft and drop 3 floors!
  2605 | D:6      | 2605 ||| Stepping ~*~*~tactically~*~*~ (outnumbered).
  2612 | D:6      | Noticed Blork the orc
  2615 | D:6      | HP: 10/52 [gnoll/+0 flail[a gnoll bouda] (5)]
  2616 | D:6      | 2616 ||| READING 2 scrolls of teleportation.
  2617 | D:6      | 2617 ||| DRINKING 2 potions of heal wounds.
  2628 | D:6      | HP: 5/52 [Blork the orc/+0 long sword (10)]
  2629 | D:6      | 2629 ||| READING scroll of teleportation.
  2629 | D:6      | Mangled by Blork the orc

Levels and vault maps discovered:
D:1:      denvon_arrival_planthouse, layout_basic,
          hellmonk_ecumenical_altar_blasted, minmay_indecisive_spiral
D:2:      layout_basic, st_stairs_8, hangedman_decor_clover_reticule,
          uniq_crazy_yiuf_cottage
D:3:      kennysheep_slugbush, layout_rooms, demons_altar,
          serial_bayou_lagoon_a, dreamdust_princess_bridge, nrook_mini_vaults,
          minmay_snake_closets, uniq_grinder
D:6:      layout_basic, mainiacjoe_overflow_boulevard, uniq_maggie,
          uniq_menkaure, uniq_blork_the_orc

Skill      XL: |  1  2  3  4  5  6 |
---------------+-------------------+-----
Ranged Weapons | 3 4 5 6 7 |  7.1
Fighting       | 2 3 4 |  4.0
Armour         | 1 |  1.0
Dodging        | |  2.1
Spellcasting   | |  1.0
Hexes          | |  2.0

Action                     |  1- 3 |  4- 6 || total
---------------------------+-------+-------++-------
   Fire: Sling             |   123 |   159 ||   282
    Use: Scroll            |     4 |     4 ||     8
         Potion            |       |     3 ||     3
 Armour: Robe              |    16 |       ||    16
         Leather armour    |       |     8 ||     8
         Ring mail         |       |    10 ||    10
  Dodge: Dodged            |    45 |    41 ||    86

Table legend:
 A = Non-vault XP
 B = Vault XP
 C = Vault XP percentage of total XP
 D = Non-vault monster count
 E = Vault monster count
 F = Vault count percentage of total count
                 A         B        C        D         E       F
            +---------+---------+-------+---------+---------+-------
      Total |     242 |     414 |  63.1 |      63 |      22 |  25.9
            +---------+---------+-------+---------+---------+-------
        D:1 |      39 |      21 |  35.0 |      24 |       6 |  20.0
        D:2 |      71 |       0 |   0.0 |      19 |       0 |   0.0
        D:3 |     103 |     393 |  79.2 |      18 |      16 |  47.1
        D:6 |      29 |       0 |   0.0 |       2 |       0 |   0.0
            +---------+---------+-------+---------+---------+-------
